Map: New Repugnancy LE

Players

ZipperTheFly

  • Race: Terran Terran
  • Spawn Location: 7:00

GogojOey - Winner!

  • Race: Zerg Zerg
  • Spawn Location: 1:00

Event: 2019 WCS Spring

VOD

Have the link to the VOD?

Description

Time

  • Played on: May 17, 2019, 12:20 p.m.
  • Length: 9:54

All games in this series

Show
View Real Time Build Order
Export as new Build Order

ZipperTheFly Terran 

Build Orders: Gas First Reaper Expand 

Get SALT Encoding   

  12  0:00  SCV  
  13  0:12  SCV  
  14  0:17  Supply Depot  
  14  0:24  SCV  
  15  0:29  Refinery  
  15  0:38  SCV  
  16  0:45  Barracks  
  16  0:50  SCV  
  17  1:02  SCV  
  18  1:14  SCV  
  19  1:32  Reaper, Orbital Command  
  20  1:45  Command Center  
  20  1:57  Factory  
  20  2:00  SCV  
  21  2:06  Barracks Reactor  
  21  2:12  SCV  
  22  2:16  Supply Depot  
  22  2:19  Refinery  
  22  2:24  SCV  
  23  2:38  SCV  
  24  2:47  Marine x2  
  24  2:48  Factory Tech Lab  
  25  2:52  Starport  
  25  2:55  SCV  
  25  2:57  Orbital Command  
  26  3:05  Marine x2  
  28  3:12  SCV  
  29  3:13  Supply Depot  
  29  3:16  Siege Tank  
  32  3:23  Marine x2  
  32  3:24  SCV  
  35  3:28  SCV  
  35  3:34  Viking  
  38  3:36  SCV  
  38  3:40  SCV, Marine  
  41  3:42  Marine  
  42  3:48  SCV  
  43  4:00  SCV x2  
  45  4:03  Command Center  
  45  4:11  Liberator  
  45  4:12  SCV  
  45  4:13  SCV  
  45  4:17  Supply Depot  
  46  4:23  Stimpack, Factory Tech Lab  
  49  4:32  SCV x2  
  51  4:41  Barracks x2  
  51  4:44  SCV x2  
  52  4:52  Engineering Bay x2  
  52  4:56  SCV x2  
  52  4:58  Refinery  
  54  5:00  Refinery  
  54  5:03  Marine  
  54  5:05  Siege Tank  
  58  5:08  SCV  
  58  5:09  SCV  
  58  5:11  Starport Reactor  
  60  5:16  Orbital Command  
  60  5:19  Terran Infantry Weapons Level 1  
  60  5:20  SCV  
  61  5:22  SCV  
  61  5:24  Marine  
  61  5:27  Terran Infantry Armor Level 1  
  63  5:33  Marine x2  
  65  5:36  SCV x2  
  65  5:42  Siege Tank  
  70  5:45  Supply Depot  
  70  5:54  Barracks Reactor  
  70  5:57  SCV x2  
  70  6:02  Starport Reactor  
  70  6:03  Marine  
  70  6:04  Marine x4  
  74  6:09  Supply Depot  
  77  6:12  Armory, Supply Depot  
  77  6:18  Barracks  
  77  6:19  Barracks  
  77  6:21  SCV x2, Marine x3  
  77  6:22  Marine x2  
  77  6:24  Orbital Command  
  84  6:32  Combat Shield  
  84  6:33  SCV  
  84  6:34  SCV  
  86  6:45  SCV  
  86  6:46  SCV, Marine  
  86  6:47  Marine x2  
  85  6:48  Siege Tank  
  85  6:49  Medivac x2  
  85  6:50  SCV  
  96  6:54  Marine  
  96  6:55  Marine  
  96  6:57  SCV  
  96  6:58  SCV  
  96  7:00  Missile Turret  
  100  7:01  Missile Turret  
  100  7:02  SCV  
  100  7:03  Refinery  
  100  7:04  Factory  
  100  7:07  Barracks Reactor  
  100  7:08  Barracks Reactor  
  101  7:19  Supply Depot x2  
  101  7:39  Supply Depot  
  101  7:40  SCV, Medivac x2, Marine x3  
  101  7:41  SCV x2, Siege Tank, Marine x2  
  101  7:43  Supply Depot  
  116  7:52  SCV  
  116  7:53  SCV x2  
  116  7:58  Marine x2  
  105  7:59  Marine x6  
  105  8:04  SCV  
  112  8:05  Marine  
  113  8:13  Siege Tank  
  113  8:15  Marine x2  
  113  8:17  Marine x6  
  113  8:18  Medivac  
  120  8:20  Medivac  
  117  8:27  Marine  
  117  8:30  Missile Turret, Factory Reactor  
  117  8:31  Drilling Claws  
  117  8:33  Marine  
  119  8:46  Command Center  
  119  8:49  Marine x2  
  119  8:50  Marine x2  
  119  8:53  Thor  
  128  9:01  SCV x2, Missile Turret  
  128  9:02  SCV, Supply Depot x3  
  131  9:09  Widow Mine  
  133  9:12  Barracks x2  
  133  9:20  Barracks  
  133  9:22  Widow Mine  
  116  9:35  Marine x4  
Show
View Real Time Build Order
Export as new Build Order

GogojOey Zerg - Winner!

Build Orders: Hatch First, Muta Ling Bane 

Get SALT Encoding   

  12  0:00  Drone  
  13  0:13  Overlord  
  13  0:17  Drone  
  14  0:31  Drone  
  14  0:33  Drone  
  14  0:35  Drone  
  17  0:52  Hatchery  
  17  0:55  Drone  
  17  0:58  Drone  
  18  1:09  Extractor  
  17  1:13  Spawning Pool  
  17  1:16  Drone  
  17  1:19  Drone  
  18  1:28  Drone  
  19  1:39  Drone  
  20  1:50  Drone  
  21  2:01  Zergling x2  
  22  2:03  Queen  
  22  2:04  Queen, Zergling x2  
  27  2:11  Overlord  
  27  2:22  Hatchery  
  26  2:24  Drone  
  26  2:25  Drone  
  28  2:30  Drone  
  28  2:40  Queen  
  30  2:47  Overlord, Drone  
  30  2:48  Drone  
  32  2:52  Drone  
  32  2:55  Metabolic Boost  
  32  2:57  Drone  
  34  3:00  Drone  
  35  3:08  Drone x2  
  35  3:12  Drone x2  
  39  3:13  Drone x2  
  39  3:19  Overlord  
  42  3:20  Drone  
  42  3:21  Drone  
  43  3:28  Overlord  
  43  3:34  Queen  
  43  3:36  Drone x3  
  43  3:39  Queen  
  50  3:45  Drone x3  
  53  3:50  Zergling x2  
  53  3:52  Drone x3  
  57  3:57  Baneling Nest  
  57  4:01  Drone  
  57  4:06  Overlord  
  57  4:07  Drone x2  
  59  4:13  Overlord x2  
  59  4:14  Drone  
  60  4:18  Spore Crawler  
  60  4:20  Drone  
  60  4:21  Spore Crawler  
  59  4:25  Overlord x2  
  59  4:26  Drone x3  
  59  4:29  Zergling x2  
  59  4:30  Zergling x4  
  65  4:34  Evolution Chamber  
  65  4:35  Extractor  
  65  4:36  Drone x2  
  65  4:38  Evolution Chamber  
  65  4:40  Drone  
  65  4:41  Drone  
  66  4:46  Spore Crawler, Drone  
  66  4:50  Overlord  
  66  4:53  Drone  
  66  4:54  Drone x7  
  74  5:02  Zergling x6  
  74  5:03  Zergling x2  
  78  5:07  Zerg Melee Weapons Level 1, Zerg Ground Armor Level 1  
  78  5:13  Lair  
  78  5:17  Extractor  
  77  5:23  Drone  
  77  5:24  Overlord x2, Drone x2  
  77  5:26  Extractor  
  79  5:32  Overlord x2  
  79  5:39  Overlord  
  79  5:40  Overlord  
  79  5:41  Overlord  
  80  5:42  Drone  
  80  5:43  Hatchery, Overlord, Drone x3  
  80  5:46  Zergling x4  
  84  5:54  Extractor  
  83  5:58  Zergling x10  
  83  6:00  Drone x2  
  83  6:01  Drone  
  83  6:02  Drone  
  83  6:03  Extractor  
  91  6:10  Zergling x2  
  91  6:11  Drone  
  93  6:16  Centrifical Hooks  
  93  6:17  Spire  
  92  6:21  Drone  
  92  6:22  Drone  
  92  6:23  Overlord  
  92  6:24  Zergling x4  
  92  6:25  Zergling x2  
  97  6:28  Zergling x4  
  97  6:29  Zergling x2  
  99  6:40  Zergling x2  
  99  6:41  Zergling x10  
  102  6:51  Zergling x8  
  100  6:57  Baneling x6  
  100  6:59  Overlord  
  100  7:00  Zergling x2  
  100  7:01  Queen, Zergling x8  
  105  7:07  Baneling x7  
  105  7:08  Zergling x10  
  109  7:09  Zergling x4  
  109  7:15  Zerg Ground Armor Level 2, Zerg Melee Weapons Level 2  
  114  7:17  Zergling x6  
  114  7:19  Zergling x2  
  118  7:26  Zergling x8  
  121  7:32  Mutalisk x2  
  121  7:33  Mutalisk  
  121  7:34  Mutalisk x2  
  131  7:39  Mutalisk  
  131  7:41  Zergling x8  
  131  7:42  Zergling x2  
  131  7:43  Zerg Flyer Weapons Level 1  
  137  7:55  Mutalisk x2  
  123  7:59  Zergling x12  
  123  8:02  Baneling x5  
  123  8:03  Zergling x8  
  123  8:05  Drone  
  133  8:09  Baneling  
  133  8:10  Baneling x4, Zergling x4  
  133  8:11  Zergling x12  
  134  8:23  Mutalisk x2  
  134  8:25  Zergling x8  
  141  8:32  Queen  
  141  8:34  Hatchery  
  142  8:35  Drone  
  142  8:36  Drone x5  
  142  8:39  Baneling x5  
  148  8:42  Mutalisk x2  
  148  8:46  Zergling x6  
  155  8:52  Zergling x10  
  160  9:00  Drone  
  160  9:01  Mutalisk x3  
  167  9:03  Zergling x6  
  167  9:05  Baneling x3  
  170  9:10  Drone  
  170  9:13  Baneling x4  
  170  9:14  Baneling  
  170  9:17  Zergling x10  
  160  9:29  Mutalisk  
  160  9:30  Mutalisk x2  
Tags
 
Add a new tag
Caveats
  • Supply blocks, unpowered buildings, or Contaminate may cause inaccurate times.
  • Supply counts are checked every 10 seconds.